 Dungeon Sprint DCSS version 0.23.1 (webtiles) character file.

Game seed: 9862717673120098442

890 nuthulu the Grappler (level 7, -4/61 (64) HPs)
             Began as a Troll Berserker on Mar 4, 2019.
             Was an Elder of Trog.
             Slain by a tyrant leech (29 damage)
             ... in the Dungeon (Sprint II: "The Violet Keep of Menkaure").
             The game lasted 00:00:57 (403 turns).

nuthulu the Grappler (Troll Berserker)               Turns: 403, Time: 00:00:58

HP:   -4/61 (64)    AC:  6    Str: 28    XL:     7   Next: 77%
MP:   6/6           EV: 13    Int:  3    God:    Trog [****..]
Gold: 243           SH:  0    Dex:  9    Spells: 6/6 levels left

rFire    . . .     SeeInvis .     - Unarmed
rCold    . . .     Gourm    +   (no shield)
rNeg     . . .     Faith    .   a - +0 animal skin
rPois    .         Spirit   .   (helmet restricted)
rElec    .         Reflect  .   (no cloak)
rCorr    .         Harm     .   (gloves unavailable)
MR       .....     NoTele   +   (boots unavailable)
Stlth    +.........             (no amulet)
HPRegen  0.60/turn              (no ring)
MPRegen  0.10/turn              (no ring)

@: no status effects
A: large, unfitting armour, claws 3, fast metabolism 3, frail 2, gourmand,
regeneration 1, shaggy fur 1, tough skin 3
a: Berserk, Trog's Hand, Brothers in Arms, Renounce Religion


You were in the Dungeon.
You worshipped Trog.
Trog was greatly pleased with you.
You were not hungry.

You visited 1 branch You collected 243 gold pieces.

Inventory:

Armour
 a - a +0 animal skin (worn)
Scrolls
 h - a scroll of blinking
Potions
 c - a potion of curing
 d - a potion of heal wounds
 e - a potion of haste
 f - 2 potions of magic
 g - a potion of berserk rage
Comestibles
 b - 2 rations
 i - 2 chunks of flesh


   Skills:
 + Level 8.8 Fighting
 + Level 8.7 Dodging
 + Level 10.3 Unarmed Combat


You had 6 spell levels left.
You didn't know any spells.
Your spell library was empty.

Dungeon Overview and Level Annotations

Branches:
Dungeon (1/1)

Altars:

Shops:
D }(:?=:*![!%[=(!!

Annotations:
D exclusion: oklob plant, Roxanne


Innate Abilities, Weirdness & Mutations

You are too large for most types of armour.
You have claws for hands.
Your metabolism is lightning-fast.
You like to eat raw meat.
Your natural rate of healing is unusually fast.
You are covered in fur. (AC +1)
You have extremely tough skin. (AC +3)
You are very frail. (-20% HP)


Message History

You open the door. You open the door.
Marking area around the oklob plant as unsafe for travelling.
A crocodile comes into view.
The yak bellows!
Found 81 gold pieces.
Found Beerchergh's Jewellery Shop and Hugeoz's Magic Scroll Boutique.
There is an open door here.
The yak bellows!
You scratch the tyrant leech but do no damage.
You closely miss the tyrant leech. The tyrant leech bites you!
The tyrant leech draws strength from your injuries!
You closely miss the tyrant leech. The tyrant leech bites you!!
The tyrant leech draws strength from your injuries!
The tyrant leech closely misses you.
You claw the tyrant leech!
The tyrant leech is moderately wounded.
Unknown command.
The tyrant leech bites you!!
You die...

#########≈≈≈...
........#≈≈≈≈.#
...⌠....#≈≈≈≈# ##
..∩.∩...#≈≈≈≈ #.#
.∩.∩.∩..#≈≈# # ##.# ##
∩.∩.∩.∩.#≈##.###+# #.##
.∩...∩.∩#t#$..##.##...#
∩.....∩@ww'# #+.<.÷#
.......∩#≈#...##.##...#
▓▓▓▓▓▓###≈##.###'###.##
(YY######≈≈#####..####
?.E ##≈≈≈#.##..# ∩P
#+#≈##.#.## ≈ $
#≈≈##'##≈§≈≈
##≈≈≈≈≈≈≈≈≈≈§
#+++#+++#≈≈§


You could see an iron elemental, 2 tyrant leeches, an oklob plant, 2 yaks and a
crocodile.

Vanquished Creatures
  4 neqoxecs (D)
  4 necrophages (D)
  A crocodile (D)
  3 worms (D)
12 creatures vanquished.

Vanquished Creatures (others)
  Menkaure (D)
1 creature vanquished.

Grand Total: 13 creatures vanquished

Notes
Turn   | Place    | Note
-------+----------+-------------------------------------------
     0 | D        | nuthulu the Troll Berserker began the quest for the Orb.
     0 | D        | Reached XP level 1. HP: 22/22 MP: 0/0
     1 | D        | Noticed a tyrant leech
     1 | D        | Noticed a tyrant leech
     4 | D        | Noticed a neqoxec
     4 | D        | Noticed a neqoxec
     9 | D        | Noticed a neqoxec
    16 | D        | Killed a neqoxec
    16 | D        | Reached skill level 5 in Fighting
    16 | D        | Reached skill level 5 in Dodging
    16 | D        | Reached skill level 6 in Unarmed Combat
    16 | D        | Reached XP level 2. HP: 13/35 MP: 1/1
    16 | D        | Reached XP level 3. HP: 15/42 MP: 2/2
    16 | D        | Reached XP level 4. HP: 18/50 MP: 3/3
    16 | D        | Reached XP level 5. HP: 21/57 MP: 4/4
    19 | D        | Killed a neqoxec
    19 | D        | Reached ** piety under Trog
    19 | D        | Reached skill level 7 in Unarmed Combat
    21 | D        | Gained mutation: You are frail. (-10% HP) [a neqoxec]
    23 | D        | Gained mutation: You are very frail. (-20% HP) [a neqoxec]
    25 | D        | Killed a neqoxec
    25 | D        | Reached skill level 8 in Unarmed Combat
    25 | D        | Reached XP level 6. HP: 22/56 MP: 5/5
    62 | D        | Killed Menkaure
   117 | D        | Noticed a neqoxec
   122 | D        | Killed a neqoxec
   122 | D        | Reached skill level 9 in Unarmed Combat
   122 | D        | Reached XP level 7. HP: 45/63 MP: 6/6
   273 | D        | Reached *** piety under Trog
   282 | D        | Reached skill level 10 in Unarmed Combat
   352 | D        | Reached **** piety under Trog
   375 | D        | Identified Roxanne's Volume of Transmutation
   375 | D        | Noticed Roxanne
   387 | D        | Found Ziuxzal's Distillery.
   388 | D        | Found Tanail's Antique Weapon Boutique.
   388 | D        | Found Deceont's Distillery.
   390 | D        | Found Omyfroc's Antique Armour Shop.
   390 | D        | Found Fijaxzin's Jewellery Shop.
   391 | D        | Found Requang's Distillery.
   391 | D        | Found Gecvu's Food Boutique.
   392 | D        | Found Omeigiet's Distillery.
   392 | D        | Found Kiut's Antique Armour Shop.
   393 | D        | Found Unlaix's Assorted Antiques.
   393 | D        | Found Etzi's Book Boutique.
   393 | D        | Noticed a yak
   397 | D        | Noticed an iron elemental
   398 | D        | Found Beerchergh's Jewellery Shop.
   398 | D        | Found Hugeoz's Magic Scroll Boutique.
   398 | D        | Noticed a yak
   398 | D        | Noticed an oklob plant
   398 | D        | Noticed a yak
   403 | D        | Found Bimolush's Weapon Shop.
   403 | D        | Found Qonlurr's Gadget Boutique.
   403 | D        | Found Dijuatos's Book Shoppe.
   403 | D        | Slain by a tyrant leech

Skill      XL: |  1  2  3  4  5  6  7 |
---------------+----------------------+-----
Fighting       | 5 7 8 |  8.8
Dodging        | 5 7 8 |  8.7
Unarmed Combat | 6 8 9 10 | 10.3

Action                   |  1- 3 |  4- 6 |  7- 9 || total
-------------------------+-------+-------+-------++-------
Melee: Unarmed           |     9 |    13 |    41 ||    63
       Punch             |       |       |     2 ||     2
Invok: Berserk           |     1 |       |       ||     1
  Eat: Chunk             |       |       |     3 ||     3
Armor: Animal skin       |       |       |     4 ||     4
Dodge: Dodged            |     1 |     2 |    16 ||    19
